 Dungeon Crawl Stone Soup version 0.25-a0-160-gd1d2e81aba (webtiles) character file.

Game seed: 6581828714602988244, levelgen mode: deterministic

4856 MrRokkomies the Covert (level 10, 0/74 HPs)
             Began as a Vampire Enchanter on Nov 21, 2019.
             Was a Believer of Sif Muna.
             Slain by a wolf (2 damage)
             ... on level 1 of the Lair of Beasts.
             The game lasted 00:26:26 (6722 turns).

MrRokkomies the Covert (Vampire Enchanter)          Turns: 6722, Time: 00:26:28

Health: 0/74       AC:  4    Str:  7    XL:     10   Next: 25%
Magic:  0/13       EV: 13    Int: 25    God:    Sif Muna [**....]
Gold:   455        SH:  5    Dex: 15    Spells: 5/13 levels left

rFire    . . .     SeeInvis +   a - +1 dagger (venom)
rCold    . . .     Gourm    .   j - +0 buckler
rNeg     . . .     Faith    .   B - +0 troll leather armour
rPois    +         Spirit   .   (no helmet)
rElec    .         Reflect  .   (no cloak)
rCorr    .         Harm     .   (no gloves)
MR       +....                  (no boots)
Stlth    ++++......             (no amulet)
HPRegen  0.82/turn              A - ring of poison resistance
MPRegen  0.13/turn              w - +4 ring of intelligence

@: about to teleport, very slightly contaminated, regenerating quickly
A: no food, fangs 3, see invisible, unbreathing
a: Exsanguinate, Channel Magic, Renounce Religion


You were on level 1 of the Lair of Beasts.
You worshipped Sif Muna.
Sif Muna was pleased with you.
You were alive.

You visited 2 branches of the dungeon, and saw 9 of its levels.

You collected 455 gold pieces.

Inventory:

Hand Weapons
 a - a +1 dagger of venom (weapon)
Missiles
 e - 53 poisoned darts (quivered)
Armour
 j - a +0 buckler (worn)
 B - a +0 troll leather armour (worn)
Jewellery
 o - a +5 ring of strength
 u - a +4 ring of intelligence
 w - a +4 ring of intelligence (right hand)
 A - a ring of poison resistance (left hand)
Wands
 x - a wand of flame (32)
Scrolls
 c - 2 scrolls of enchant armour
 n - 4 scrolls of remove curse
 q - 3 scrolls of fog
 s - 4 scrolls of teleportation
Potions
 d - a potion of magic
 f - a potion of flight
 g - 2 potions of degeneration {unknown}
 h - 2 potions of invisibility
 i - a potion of curing
 k - a potion of agility
 l - a potion of mutation
 m - 3 potions of brilliance {unknown}
 p - a potion of heal wounds {unknown}
 r - a potion of haste
 t - 3 potions of might
 v - a potion of lignification {unknown}
 z - a potion of cancellation {unknown}


   Skills:
 * Level 5.3 Fighting
 * Level 9.7 Short Blades
 + Level 4.4 Dodging
 + Level 10.6 Stealth
 - Level 4.0 Shields
 - Level 2.0 Spellcasting
 - Level 10.2 Hexes


You had 5 spell levels left.
You knew the following spells:

 Your Spells              Type           Power        Failure   Level  Hunger
b - Ensorcelled Hibernat  Hex/Ice        ####..       3%          2    N/A
c - Confuse               Hex            ######..     1%          3    N/A
d - Tukima's Dance        Hex            ######..     1%          3    N/A

Your spell library contained the following spells:

 Spells                   Type           Power        Failure   Level  Hunger
 Corona                   Hex            ######.      1%          1    N/A
 Dazzling Spray           Conj/Hex       ####..       6%          3    N/A

Dungeon Overview and Level Annotations

Branches:
Dungeon (9/15)               Lair (1/6) D:9
 Temple: D:4-7          Orc: D:9-12

Altars:
Ashenzari
Cheibriados
Dithmenos
Hepliaklqana
Ru
Sif Muna
The Shining One


Innate Abilities, Weirdness & Mutations

You do not eat.
Your natural rate of healing is unusually fast.
You have razor-sharp teeth.
You have supernaturally acute eyesight. (SInv)
You can survive without breathing.


Message History

* * * LOW HITPOINT WARNING * * *
You block the hippogriff's attack. The hippogriff claws you.
* * * LOW HITPOINT WARNING * * *
The wolf barely misses you. You block the spiny frog's attack.
The porcupine bites something but does no damage.
Okay, then.
Unknown command.
Unknown command.
Casting: Ensorcelled Hibernation (safe; 3% risk of failure)
Confirm with . or Enter, or press ? or * to list all spells.
Aiming: Ensorcelled Hibernation (safe; 3% risk of failure)
Press: ? - help, Shift-Dir - straight line, f/p - spiny frog
Aim: a spiny frog (chance to defeat MR: 57%)
The spiny frog looks drowsy...
The wolf completely misses you. The hippogriff bites you.
* * * LOW HITPOINT WARNING * * *
The hippogriff closely misses you. The hippogriff claws you.
* * * LOW HITPOINT WARNING * * *
The wolf bites you.
You die...

...............
...............
...............
...............
...............
....l..........
.......lr.......
#F# PP
..#####@#####...
..#P.#Hh#.......
.......h...≈≈.7
#..
.)........7P≈.≈P
#.#
.........7≈≈≈.P≈
..#
.........7≈≈≈.≈P
..#
#.####...≈≈≈≈.≈P
P.# #.
#...7PP≈.≈P #.##
#.. #...7≈≈P.≈P


You could see a komodo dragon, a hippogriff, a spiny frog (sleeping), 2 wolves
and a porcupine.

Vanquished Creatures
  An unseen horror (D:7)
  A komodo dragon (Lair:1)
  A troll (D:9)
  A hippogriff (Lair:1)
  Grum (D:9)
  2 porcupines (D:9)
  3 orc warriors
  2 ice beasts
  2 black bears (D:9)
  2 phantoms (D:8)
  3 ogres
  3 centaurs
  4 wolves
  A big kobold (D:7)
  6 bullfrogs
  3 scorpions
  6 killer bees (D:9)
  2 howler monkeys (D:9)
  2 crimson imps (D:7)
  4 hounds
  A quasit (D:7)
  3 jellies
  2 orc priests
  2 iguanas
  Terence (D:2)
  An orc wizard (D:8)
  3 worker ants
  A hound skeleton (D:8)
  3 gnolls
  7 adders
  A shadow imp (D:6)
  An ooze (D:2)
  An adder zombie (D:9)
  3 adder skeletons (D:7)
  2 worms (D:2)
  A dart slug (D:1)
  8 leopard geckos
  13 orcs
  4 bats
  3 giant cockroaches
  9 goblins
  6 hobgoblins
  9 jackals
  10 kobolds
  5 quokkas
  3 frilled lizards
  A quokka skeleton (D:7)
  5 rats
159 creatures vanquished.

Vanquished Creatures (collateral kills)
  An ogre (D:9)
1 creature vanquished.

Vanquished Creatures (others)
  4 plants (Lair:1)
4 creatures vanquished.

Grand Total: 164 creatures vanquished

Notes
Turn   | Place    | Note
-------+----------+-------------------------------------------
     0 | D:1      | MrRokkomies the Vampire Enchanter began the quest for the
                  | Orb.
     0 | D:1      | Reached XP level 1. HP: 13/13 MP: 3/3
   240 | D:1      | Reached XP level 2. HP: 15/19 MP: 3/5
   246 | D:1      | Learned a level 2 spell: Ensorcelled Hibernation
   746 | D:2      | Noticed Terence
   751 | D:2      | Reached skill level 5 in Hexes
   928 | D:2      | Reached XP level 3. HP: 24/24 MP: 6/6
   959 | D:2      | Found a hazy altar of Hepliaklqana.
  1092 | D:2      | Killed Terence
  1092 | D:2      | Reached skill level 5 in Stealth
  1219 | D:2      | Reached XP level 4. HP: 16/30 MP: 7/7
  1468 | D:2      | Learned a level 3 spell: Confuse
  2493 | D:4      | Noticed an ogre
  2507 | D:4      | Killed an ogre
  2507 | D:4      | Reached XP level 5. HP: 35/35 MP: 8/8
  2508 | D:4      | You fall into a shaft and drop 3 floors!
  2544 | D:6      | Reached skill level 1 in Shields
  2544 | D:6      | Reached XP level 6. HP: 41/41 MP: 0/9
  2742 | D:6      | Found a snail-covered altar of Cheibriados.
  3031 | D:6      | Found a shimmering blue altar of Sif Muna.
  3034 | D:6      | Became a worshipper of Sif Muna the Loreminder
  3145 | D:6      | Noticed an ice beast
  3157 | D:6      | Killed an ice beast
  3157 | D:6      | Reached skill level 5 in Short Blades
  3157 | D:6      | Reached XP level 7. HP: 30/46 MP: 4/10
  3700 | D:7      | Noticed an unseen horror
  3705 | D:7      | Killed an unseen horror
  3705 | D:7      | Reached XP level 8. HP: 47/52 MP: 7/11
  3717 | D:7      | Learned a level 3 spell: Tukima's Dance
  3954 | D:7      | Found a glowing golden altar of the Shining One.
  3993 | D:7      | Reached skill level 10 in Hexes
  4363 | D:8      | Reached * piety under Sif Muna
  4375 | D:8      | Reached skill level 1 in Fighting
  4561 | D:8      | Reached XP level 9. HP: 61/61 MP: 12/12
  4668 | D:8      | Found a shattered altar of Ashenzari.
  5281 | D:9      | Noticed Grum
  5645 | D:9      | Killed Grum
  5817 | D:9      | Found a staircase to the Lair.
  5820 | D:9      | Reached skill level 10 in Stealth
  5854 | D:9      | Reached ** piety under Sif Muna
  5987 | D:9      | Reached XP level 10. HP: 73/73 MP: 13/13
  6175 | D:9      | Found a shadowy altar of Dithmenos.
  6176 | D:9      | Found a sacrificial altar of Ru.
  6367 | Lair:1   | Entered Level 1 of the Lair of Beasts
  6432 | Lair:1   | Reached skill level 5 in Fighting
  6710 | Lair:1   | Noticed a spiny frog
  6722 | Lair:1   | HP: 2/74 [hippogriff (6)]
  6722 | Lair:1   | Slain by a wolf

Levels and vault maps discovered:
D:1:      wheals_arrival_shading, layout_basic, chequers_serial_rivers_large_a,
          corexii_hall_statues_i
D:2:      layout_loops_cross, old_standard_altar, uniq_terence
D:3:      layout_loops_ring
D:4:      layout_layer_cave, gammafunk_ghost_necromancy, first_ration,
          minmay_small_thing, uniq_ijyb, uniq_natasha
D:6:      layout_cave_pods, kennysheep_mini, old_standard_altar
D:7:      layout_basic, tso_metal_star
D:8:      layout_cave_pools, kennysheep_mini_moat
D:9:      layout_gridville, gammafunk_temple_overflow_pools,
          grunt_lair_entry_orc_guard_hut, uniq_grum
Lair:1:   layout_gridlike, bh_autumn_forest_stairs, serial_bayou_lagoon_b

Skill      XL: |  1  2  3  4  5  6  7  8  9 10 |
---------------+-------------------------------+-----
Short Blades   | 2 3 4 5 6 7 9 |  9.7
Hexes          | 5 6 7 9 10 | 10.2
Stealth        | 5 6 8 10 | 10.6
Shields        | 1 3 4 |  4.0
Fighting       | 1 4 5 |  5.3
Dodging        | 4 |  4.4
Spellcasting   | |  2.0

Action                   |  1- 3 |  4- 6 |  7- 9 | 10-12 || total
-------------------------+-------+-------+-------+-------++-------
Melee: Dagger            |   124 |   127 |   350 |    81 ||   682
       Bite              |    10 |     3 |    26 |     6 ||    45
Throw: Dart              |     5 |    11 |       |       ||    16
 Cast: Corona            |     5 |       |       |       ||     5
       Ensorcelled Hiber |     2 |     9 |    30 |    10 ||    51
       Confuse           |       |     8 |    14 |     2 ||    24
       Tukima's Dance    |       |       |     3 |       ||     3
  Use: Scroll            |     3 |    10 |     3 |     2 ||    18
       Potion            |       |       |       |     1 ||     1
 Stab: Sleeping          |     5 |    14 |    32 |     3 ||    54
       Distracted        |       |     1 |     1 |     1 ||     3
       Confused          |       |     5 |    10 |     1 ||    16
Armor: Robe              |    13 |    16 |    50 |       ||    79
       Troll leather arm |       |       |       |     9 ||     9
Dodge: Dodged            |    69 |    74 |   218 |    52 ||   413
Block: Buckler           |       |    10 |    62 |    19 ||    91

Table legend:
 A = Non-vault XP
 B = Vault XP
 C = Vault XP percentage of total XP
 D = Non-vault monster count
 E = Vault monster count
 F = Vault count percentage of total count
                 A         B        C        D         E       F
            +---------+---------+-------+---------+---------+-------
      Total |    5849 |    1089 |  15.7 |     151 |       9 |   5.6
            +---------+---------+-------+---------+---------+-------
        D:1 |      27 |       0 |   0.0 |      14 |       0 |   0.0
        D:2 |      71 |      36 |  33.6 |      27 |       1 |   3.6
        D:3 |      47 |       0 |   0.0 |      20 |       0 |   0.0
        D:4 |     121 |       0 |   0.0 |       1 |       0 |   0.0
        D:6 |     736 |       0 |   0.0 |      13 |       0 |   0.0
        D:7 |    1454 |       0 |   0.0 |      27 |       0 |   0.0
        D:8 |     777 |      85 |   9.9 |      17 |       1 |   5.6
        D:9 |    1789 |     968 |  35.1 |      28 |       7 |  20.0
     Lair:1 |     827 |       0 |   0.0 |       4 |       0 |   0.0
            +---------+---------+-------+---------+---------+-------
